 Dungeon Crawl Stone Soup version 0.28-a0-586-gbdb9d174a4 (webtiles) character file.

Game seed: 17018259764672747557

203 Gargoyl the Skirmisher (level 5, 0/70 HPs)
             Began as a Gnoll Abyssal Knight on Oct 3, 2021.
             Was a Believer of Lugonu.
             Slain by a lemure (3 damage)
             ... led by Pikel
             ... on level 5 of the Dungeon.
             The game lasted 00:03:34 (2575 turns).

Gargoyl the Skirmisher (Gnoll Abyssal Knight)       Turns: 2575, Time: 00:03:34

Health: 0/70       AC: 10    Str: 13 (14) XL:     5   Next: 81%
Magic:  8/8        EV:  4    Int:  8 (9)  God:    Lugonu [**....]
Gold:   118        SH:  7    Dex: 12      Spells: 7/7 levels left

rFire   . . .      SeeInvis .   a - +2 hand axe (freeze)
rCold   . . .      Faith    .   g - +0 kite shield
rNeg    . . .      Spirit   .   h - +0 chain mail
rPois   .          Reflect  .   (no helmet)
rElec   .          Harm     .   (no cloak)
rCorr   .          Rampage  .   (no gloves)
Will    .....                   c - +0 pair of boots
Stlth   ..........              (no amulet)
HPRegen 0.21/turn               (no ring)
MPRegen 0.11/turn               (no ring)

@: berserking (expiring), very quick
A: fangs 1, strong nose, distributed training
a: Renounce Religion, Depart the Abyss, Bend Space


You were on level 5 of the Dungeon.
You worshipped Lugonu.
Lugonu was pleased with you.
You visited 1 branch of the dungeon, and saw 5 of its levels.
You visited the Abyss 1 time.

You collected 118 gold pieces.

Inventory:

Hand Weapons
 a - a +2 hand axe of freezing (weapon)
Armour
 c - a +0 pair of boots (worn)
 g - a +0 kite shield (worn)
 h - a +0 chain mail (worn)
Wands
 b - a wand of mindburst (13)
Scrolls
 d - a scroll of fog


   Skills:
 + Level 6.7 Fighting
 + Level 1.6 Short Blades
 + Level 1.6 Long Blades
 + Level 4.8 Axes
 + Level 1.6 Maces & Flails
 + Level 1.6 Polearms
 + Level 1.6 Staves
 + Level 1.6 Slings
 + Level 1.6 Bows
 + Level 1.6 Crossbows
 + Level 1.6 Throwing
 + Level 4.8 Armour
 + Level 3.0 Dodging
 + Level 1.6 Stealth
 + Level 1.6 Shields
 + Level 1.6 Unarmed Combat
 + Level 1.6 Spellcasting
 + Level 1.3 Conjurations
 + Level 1.3 Hexes
 + Level 1.3 Summonings
 + Level 1.3 Necromancy
 + Level 1.3 Translocations
 + Level 1.3 Transmutations
 + Level 1.3 Fire Magic
 + Level 1.3 Ice Magic
 + Level 1.3 Air Magic
 + Level 1.3 Earth Magic
 + Level 1.3 Poison Magic
 + Level 4.9 Invocations
 + Level 1.6 Evocations


You had 7 spell levels left.
You didn't know any spells.
Your spell library was empty.

Dungeon Overview and Level Annotations

Branches:
Dungeon (5/15)
 Temple: D:4-7

Altars:

Annotations:
D:2 Sigmund
D:5 Edmund, Pikel


Innate Abilities, Weirdness & Mutations

You have very sharp teeth.
Your uncanny sense of smell can sniff out nearby items.
Your experience applies equally to all skills.


Message History

That felt strangely unrewarding.
You hit the lemure. You freeze the lemure. You hit the quokka but do no damage.
Pikel cracks his whip.
The lemure hits you.
* * * LOW HITPOINT WARNING * * *
The quokka bites you but does no damage.
You closely miss the lemure.
The lemure is heavily wounded.
You miss the quokka. The quokka barely misses you.
Pikel says, "I knew I should've brought a map."
You block the lemure's attack.
Unknown command.
You slash Pikel! You freeze Pikel.
Pikel is moderately wounded.
You hit the quokka. You freeze the quokka.
You kill the quokka!
Lugonu accepts your kill.
Your shield and chain mail prevent you from hitting the lemure.
You block Pikel's attack. The lemure hits you.
* * * LOW HITPOINT WARNING * * *
You miss Pikel.
Pikel is moderately wounded.
You hit the lemure. You freeze the lemure. You closely miss the lemure.
Pikel hits you with a +0 whip of flaming.
* * * LOW HITPOINT WARNING * * *
Pikel burns you.
* * * LOW HITPOINT WARNING * * *
The lemure completely misses you. You block the lemure's attack.
You completely miss Pikel. Your bite misses Pikel.
Pikel is moderately wounded.
You closely miss the lemure. You slash the lemure! You freeze the lemure.
Pikel barely misses you. The lemure hits you but does no damage.
The lemure hits you.
* * * LOW HITPOINT WARNING * * *
Unknown command.
You hit Pikel but do no damage.
Pikel is moderately wounded.
You completely miss the lemure. You closely miss the lemure.
Pikel hits you but does no damage. The lemure hits you.
You die...

...# #...#
....##
#####.....##.
###...........
#............
#............
#.....5......
#....@K@.....
#
#.....5..####
#.###......†.#
#...........##
#...........#
##...<.......#
##....###....#
#....# ##....#
##...# ##...#


You could see Edmund, Pikel and 2 lemures.

Vanquished Creatures
  A phantom (D:5)
  2 lemures (D:5)
  An orc wizard (D:4)
  3 adders
  An ufetubus (D:4)
  A dart slug (D:1)
  3 orcs
  4 ball pythons
  11 endoplasms
  A giant cockroach (D:1)
  3 goblins
  7 hobgoblins
  4 jackals
  4 kobolds
  A quokka (D:5)
  7 bats
  A frilled lizard (D:1)
  7 rats
62 creatures vanquished.

Vanquished Creatures (others)
  3 plants (D:4)
3 creatures vanquished.

Grand Total: 65 creatures vanquished

Notes
Turn   | Place    | Note
-------+----------+-------------------------------------------
     0 | Abyss:1  | Gargoyl the Gnoll Abyssal Knight began the quest for the
                  | Orb.
     0 | Abyss:1  | Reached XP level 1. HP: 23/23 MP: 3/3
    28 | Abyss:2  | Found a corrupted altar of Lugonu.
    59 | Abyss:3  | Noticed a +1 long sword of holy wrath
    63 | D:1      | Escaped the Abyss
   301 | D:1      | Found a faded altar of an unknown god.
   311 | D:1      | Reached * piety under Lugonu
   368 | D:1      | Reached XP level 2. HP: 24/29 MP: 5/5
   927 | D:1      | Reached XP level 3. HP: 35/35 MP: 6/6
  1447 | D:2      | Noticed Sigmund
  1835 | D:3      | Reached skill level 1 in Short Blades
  1835 | D:3      | Reached skill level 1 in Long Blades
  1835 | D:3      | Reached skill level 1 in Maces & Flails
  1835 | D:3      | Reached skill level 1 in Polearms
  1835 | D:3      | Reached skill level 1 in Staves
  1835 | D:3      | Reached skill level 1 in Slings
  1835 | D:3      | Reached skill level 1 in Bows
  1835 | D:3      | Reached skill level 1 in Crossbows
  1835 | D:3      | Reached skill level 1 in Throwing
  1835 | D:3      | Reached skill level 1 in Stealth
  1835 | D:3      | Reached skill level 1 in Shields
  1835 | D:3      | Reached skill level 1 in Unarmed Combat
  1835 | D:3      | Reached skill level 1 in Spellcasting
  1835 | D:3      | Reached skill level 1 in Evocations
  1835 | D:3      | Reached XP level 4. HP: 30/41 MP: 7/7
  2283 | D:4      | Reached ** piety under Lugonu
  2284 | D:4      | Reached skill level 1 in Conjurations
  2284 | D:4      | Reached skill level 1 in Hexes
  2284 | D:4      | Reached skill level 1 in Summonings
  2284 | D:4      | Reached skill level 1 in Necromancy
  2284 | D:4      | Reached skill level 1 in Translocations
  2284 | D:4      | Reached skill level 1 in Transmutations
  2284 | D:4      | Reached skill level 1 in Fire Magic
  2284 | D:4      | Reached skill level 1 in Ice Magic
  2284 | D:4      | Reached skill level 1 in Air Magic
  2284 | D:4      | Reached skill level 1 in Earth Magic
  2284 | D:4      | Reached skill level 1 in Poison Magic
  2526 | D:4      | Noticed a phantom
  2532 | D:4      | Noticed an ogre
  2547 | D:5      | Entered Level 5 of the Dungeon
  2547 | D:5      | Noticed a lemure
  2555 | D:5      | Reached XP level 5. HP: 30/47 MP: 8/8
  2557 | D:5      | Noticed a lemure
  2557 | D:5      | Noticed a lemure
  2557 | D:5      | Noticed a lemure
  2559 | D:5      | Noticed Edmund
  2563 | D:5      | Killed a lemure
  2565 | D:5      | Noticed Pikel
  2566 | D:5      | Killed a phantom
  2570 | D:5      | Killed a lemure
  2574 | D:5      | HP: 3/70 [lemure[Pikel] (5)]
  2575 | D:5      | Slain by a lemure

Illustrated notes

Levels and vault maps discovered:
D:1:      wander_arrival_desolate, layout_loops_ring,
          hellmonk_ecumenical_altar_run_dry
D:2:      layout_basic, serial_shops, nicolae_shop_statue_plus,
          kennysheep_path_1, chequers_serial_rivers_micro_c, dk_vineyard_3,
          uniq_sigmund
D:3:      layout_loops_ring
D:4:      layout_cave_pools, serial_park, serial_park_square3
          [serial_park_minivault_5x5_4], serial_park_tiny_pond,
          serial_park_fountain, serial_park_square1
          [serial_park_minivault_5x5_5], serial_park_tiny_2,
          hangedman_feature_mirror
D:5:      layout_layer_cave, minmay_temple_entry_trees, gammafunk_ghost_smash,
          chequers_serial_rivers_micro_e, kennysheep_another_room,
          amcnicky_mini_pool_small, uniq_pikel, uniq_edmund, uniq_ijyb

Skill      XL: |  1  2  3  4  5 |
---------------+----------------+-----
Short Blades   | 1 |  1.6
Long Blades    | 1 |  1.6
Maces & Flails | 1 |  1.6
Polearms       | 1 |  1.6
Staves         | 1 |  1.6
Slings         | 1 |  1.6
Bows           | 1 |  1.6
Crossbows      | 1 |  1.6
Throwing       | 1 |  1.6
Stealth        | 1 |  1.6
Shields        | 1 |  1.6
Unarmed Combat | 1 |  1.6
Spellcasting   | 1 |  1.6
Evocations     | 1 |  1.6
Conjurations   | 1 |  1.3
Hexes          | 1 |  1.3
Summonings     | 1 |  1.3
Necromancy     | 1 |  1.3
Translocations | 1 |  1.3
Transmutations | 1 |  1.3
Fire Magic     | 1 |  1.3
Ice Magic      | 1 |  1.3
Air Magic      | 1 |  1.3
Earth Magic    | 1 |  1.3
Poison Magic   | 1 |  1.3
Dodging        | 3 |  3.0
Fighting       | |  6.7
Axes           | |  4.8
Armour         | |  4.8
Invocations    | |  4.9

Action                   |  1- 3 |  4- 6 || total
-------------------------+-------+-------++-------
Melee: Hand axe          |    88 |    51 ||   139
       Bite              |     2 |     3 ||     5
Invok: Depart the Abyss  |     1 |       ||     1
  Use: Scroll            |     6 |     1 ||     7
       Potion            |     1 |     3 ||     4
 Stab: Sleeping          |     1 |       ||     1
Armor: Leather armour    |    27 |       ||    27
       Ring mail         |     3 |     1 ||     4
       Chain mail        |       |    56 ||    56
Dodge: Dodged            |    56 |    17 ||    73
Block: Kite shield       |    37 |    27 ||    64

Table legend: (Time is in decaauts)
 A = Elapsed time spent in this place.
 B = Non-inter-level travel time spent in this place.
 C = Inter-level travel time spent in this place.
 D = Time resting spent in this place.
 E = Time spent auto-exploring this place.
 F = Levels seen in this place.
 G = Mean time per level.
                   A        B        C        D        E       F      G
               +--------+--------+--------+--------+--------+-----+--------+
         Total |   2612 |   2528 |     84 |      0 |   1966 |   8 |  326.5 |
       Dungeon |   2550 |   2466 |     84 |      0 |   1947 |   5 |  510.0 |
         Abyss |     62 |     62 |      0 |      0 |     19 |   3 |   20.7 |
               +--------+--------+--------+--------+--------+-----+--------+

Top non-repeatable levels by time:
     D:1: 1287 daAuts
     D:3: 805 daAuts
     D:4: 291 daAuts
     D:2: 137 daAuts
 Abyss:2: 29 daAuts
     D:5: 28 daAuts
 Abyss:1: 26 daAuts
 Abyss:3: 6 daAuts
